 Dungeon Crawl Stone Soup version 0.24-a0-725-gf1a930fc54 (webtiles) character file.

Game seed: 43266635275859719, levelgen mode: deterministic

64139 Johnny the Earth Mage (level 14, -2/93 HPs)
             Began as a Demigod Earth Elementalist on Oct 1, 2019.
             Hit by a large rock thrown by a stone giant (25 damage)
             ... on level 2 of the Orcish Mines.
             The game lasted 00:37:39 (15063 turns).

Johnny the Earth Mage (Demigod Earth Elementalist) Turns: 15063, Time: 00:37:39

Health: -2/93      AC: 12    Str: 11    XL:     14   Next: 32%
Magic:  21/44      EV: 12    Int: 27    God:
Gold:   1222       SH:  0    Dex: 16    Spells: 19/37 levels left

rFire    + . .     SeeInvis .   J - staff of energy
rCold    . . .     Gourm    .   (no shield)
rNeg     . . .     Faith    .   t - +3 leather armour {MR+}
rPois    .         Spirit   .   R - +2 helmet
rElec    .         Reflect  .   x - +0 cloak
rCorr    .         Harm     .   (no gloves)
MR       ++...                  o - +1 pair of boots
Stlth    ++........             E - amulet of regeneration
HPRegen  0.65/turn              q - ring of protection from fire
MPRegen  0.29/turn              B - ring of magical power

@: no status effects
A: high mp 1
a: no special abilities


You were on level 2 of the Orcish Mines.
You were not hungry.

You visited 2 branches of the dungeon, and saw 15 of its levels.
You visited the Abyss 2 times.
You also visited: Sewer.

You collected 1856 gold pieces.
You spent 634 gold pieces at shops.

Inventory:

Hand Weapons
 c - the cursed +1 war axe of Ufacur {chop, Dex+7, unknown}
   (You found it on level 12 of the Dungeon)

   It inflicts extra damage upon your enemies.
   It affects your dexterity (+7).
   It has a curse placed upon it.
 I - a +5 dagger of venom
Missiles
 b - 140 stones (quivered)
Armour
 o - a +1 pair of boots (worn)
 t - a +3 leather armour of magic resistance (worn)
 x - a +0 cloak (worn)
 F - a +1 robe of cold resistance
 P - a +1 troll leather armour {Snorg}
 R - a +2 helmet (worn)
Magical Staves
 J - an uncursed staff of energy (weapon)
Jewellery
 q - a ring of protection from fire (left hand)
 B - a ring of magical power (right hand)
 E - an amulet of regeneration (around neck)
Wands
 k - a wand of flame (10)
 y - a wand of random effects (20)
 z - a wand of iceblast (12)
 A - a wand of paralysis (4)
 K - a wand of digging (7)
Scrolls
 h - 2 scrolls of immolation
 i - 9 scrolls of remove curse
 j - 3 scrolls of teleportation
 l - 3 scrolls of fog
 s - 2 scrolls of magic mapping
 u - 4 scrolls of amnesia
 v - 2 scrolls of noise
 D - 2 scrolls of enchant armour
 M - a scroll of holy word
 Q - a scroll of enchant weapon
Potions
 a - 7 potions of brilliance
 e - 2 potions of agility
 f - 3 potions of might
 g - a potion of haste
 m - 8 potions of curing
 n - 3 potions of flight
 w - 3 potions of heal wounds
 O - a potion of cancellation
Comestibles
 d - 29 rations


   Skills:
 - Level 1.7 Dodging
 - Level 1.7 Stealth
 + Level 12.1 Spellcasting
 - Level 0.8 Transmutations
 * Level 17.5 Earth Magic


You had 19 spell levels left.
You knew the following spells:

 Your Spells              Type           Power        Failure   Level  Hunger
a - Sandblast             Erth           ######       0%          1    None
b - Stone Arrow           Conj/Erth      ######       1%          3    None
c - Lee's Rapid Deconstr  Erth           #######...   1%          5    None
d - Petrify               Tmut/Erth      ######..     1%          4    None
e - Borgnjor's Vile Clut  Necr/Erth      ######....   3%          5    None

Your spell library contained the following spells:

 Spells                   Type           Power        Failure   Level  Hunger
 Passwall                 Tmut/Erth      ######..     1%          2    None
 Leda's Liquefaction      Hex/Erth       ######....   1%          4    None
 Beastly Appendage        Tmut           ###...       3%          1    None
 Corona                   Hex            ###....      4%          1    None
 Summon Small Mammal      Summ           ###.         4%          1    None
 Sticks to Snakes         Tmut           ###.....     4%          2    None
 Call Imp                 Summ           ###.....     7%          2    None
 Ensorcelled Hibernation  Hex/Ice        ###...       7%          2    None
 Slow                     Hex            ###.....     7%          2    None
 Spider Form              Tmut/Pois      ###.......   12%         3    None
 Call Canine Familiar     Summ           ###.....     14%         3    None
 Confuse                  Hex            ###.....     14%         3    None
 Dazzling Spray           Conj/Hex       ###...       14%         3    None
 Inner Flame              Hex/Fire       ###.....     14%         3    None
 Portal Projectile        Hex/Tloc       ###...       14%         3    None
 Recall                   Summ/Tloc      N/A          14%         3    None
 Summon Guardian Golem    Hex/Summ       ###.....     14%         3    None
 Tukima's Dance           Hex            ###.....     14%         3    None
 Ice Form                 Ice/Tmut       ###.....     36%         4    None
 Cause Fear               Hex            ###.......   41%         4    None
 Summon Ice Beast         Ice/Summ       ###.....     41%         4    None
 Summon Lightning Spire   Summ/Air       ###.....     41%         4    None
 Blade Hands              Tmut           ###.......   65%         5    None
 Yara's Violent Unravell  Hex/Tmut       ###.......   71%         5    None
 Aura of Abjuration       Summ           ###.......   77%         5    None
 Silence                  Hex/Air        ###.......   77%         5    None
 Darkness                 Hex            ###.......   100%        6    None
 Deflect Missiles         Chrm/Air       ###.......   100%        6    None
 Shadow Creatures         Summ           N/A          100%        6    None
 Malign Gateway           Summ/Tloc      ###.......   100%        7    None
 Discord                  Hex            ###.......   100%        8    None


Dungeon Overview and Level Annotations

Branches:
Dungeon (13/15)            Temple (0/1) D:4            Lair (0/6) D:8
    Orc (2/2) D:9             Elf (0/3) Orc:2        Vaults (0/5) D:13
  Sewer (visited)

Shops:
D:5 *   D:11 *%   D:13 :*[%

Annotations:
D:13 Harold, Louise, Urug


Innate Abilities, Weirdness & Mutations

You have an increased reservoir of magic. (+10% MP)


Message History

Casting: Borgnjor's Vile Clutch (safe; 3% risk of failure)
Confirm with . or Enter, or press ? or * to list all spells.
Aiming: Petrify (safe; 1% risk of failure)
Press: ? - help, Shift-Dir - straight line, f/p - orc wizard
Aim: an orc wizard, wielding a +0 dagger and wearing a +2 robe of positive energy (moderately wounded, constricted by zombie hands, chance to defeat MR: 76%)
The orc wizard is moving more slowly.
The zombie hands constrict the stone giant!
The zombie hands constrict the orc wizard.
The zombie hands constrict the orc priest!
You kill the orc priest!
The zombie hands constrict the ogre.
The stone giant throws a large rock.
The large rock hits you!!
* * * LOW HITPOINT WARNING * * *
The ogre struggles to escape constriction.
The orc wizard struggles to escape constriction.
The zombie hands release their grip on the stone giant.
The zombie hands release their grip on the orc wizard.
The zombie hands release their grip on the ogre.
The stone giant throws a large rock.
The large rock hits you!!
You die...

###........
#.........
###........#
#..........##
>...........#
...........##
............##
#......@).$..##
###....o.......
##.$..)......
##.......oC.
##.....O.o.
##.$..))..
###......
...... ......


You could see a stone giant, an ogre, an orc priest, an orc wizard (petrifying)
and an orc.

Vanquished Creatures
  Gastronok (D:12)
  Nessos (D:12)
  Snorg (D:11)
  The ghost of Peloso the Blocker, a journeyman MiFi of Gozag (D:10)
  4 vault guards (D:13)
  2 hydras (D:12)
  6 two-headed ogres
  3 thrashing horrors (Abyss:2)
  4 hell hogs (Abyss:2)
  2 unseen horrors
  A sixfirhy (Abyss:2)
  2 starcursed masses (Abyss:2)
  A glowing orange brain (Abyss:2)
  A harpy (D:9)
  An ugly thing (D:12)
  An orc sorcerer (Orc:1)
  A deep elf mage (D:13)
  4 cyclopes
  A centaur zombie (D:10)
  2 smoke demons (Abyss:2)
  A gargoyle (D:11)
  A kobold demonologist (D:12)
  A tormentor (Abyss:2)
  A hellwing (Abyss:2)
  2 ancient zymes
  A troll (D:10)
  A hornet (D:11)
  Prince Ribbit (D:5)
  3 raiju (Abyss:2)
  2 hippogriffs
  A blink frog (Abyss:2)
  4 vampires
  A wraith (D:10)
  A wyvern (D:10)
  18 yaks
  A basilisk (D:12)
  3 fire bats (Abyss:2)
  A neqoxec (Abyss:2)
  2 steam dragons
  A chaos spawn (Abyss:2)
  3 hungry ghosts
  4 vampire mosquitoes
  2 soldier ants (D:11)
  A warg (Orc:1)
  Duvessa (D:5)
  5 sky beasts
  3 porcupines (D:8)
  2 small abominations (Abyss:2)
  11 orc warriors
  5 ice beasts
  A black bear (shapeshifter) (D:13)
  A necrophage (D:13)
  4 ogres
  8 centaurs
  3 big kobolds
  Blork the orc (D:5)
  5 bullfrogs
  A wyvern zombie (D:12)
  Dowan (D:5)
  4 scorpions
  15 killer bees
  9 wights
  A howler monkey (D:7)
  10 crimson imps
  4 bullfrog skeletons
  6 hounds
  4 jellies
  A quasit (Abyss:2)
  14 orc priests
  A bullfrog zombie (D:13)
  A centaur skeleton (D:7)
  20 orc wizards
  Natasha (twice) (D:2)
  6 worker ants
  A killer bee zombie (D:7)
  2 hound zombies
  A hound skeleton (D:11)
  Robin (D:3)
  7 gnolls
  A howler monkey skeleton (D:4)
  16 adders
  5 shadow imps
  5 oozes
  5 worms
  5 dart slugs
  4 leopard geckos
  71 orcs
  A ball python (Sewer)
  4 giant cockroaches
  13 goblins
  11 hobgoblins
  10 jackals
  32 kobolds
  3 quokkas
  12 bats
  5 frilled lizards
  A quokka zombie (D:5)
  5 rats
468 creatures vanquished.

Vanquished Creatures (others)
  A fungus (D:8)
1 creature vanquished.

Grand Total: 469 creatures vanquished

Notes
Turn   | Place    | Note
-------+----------+-------------------------------------------
     0 | D:1      | Johnny the Demigod Earth Elementalist began the quest for
                  | the Orb.
     0 | D:1      | Reached XP level 1. HP: 14/14 MP: 5/5
   122 | D:1      | Reached skill level 3 in Earth Magic
   505 | D:1      | Reached XP level 2. HP: 13/20 MP: 5/7
   973 | D:2      | Reached XP level 3. HP: 13/26 MP: 1/9
  1380 | D:2      | Reached skill level 4 in Earth Magic
  1475 | D:2      | Reached XP level 4. HP: 33/33 MP: 4/10
  1546 | D:2      | Noticed Natasha
  1554 | D:2      | Killed Natasha
  1988 | D:2      | Reached XP level 5. HP: 31/38 MP: 0/12
  2000 | D:2      | Noticed Natasha
  2092 | D:2      | Killed Natasha
  2114 | D:2      | Reached skill level 5 in Earth Magic
  2172 | D:2      | Found a blossoming altar of Fedhas.
  2229 | D:2      | Learned a level 3 spell: Stone Arrow
  2467 | D:3      | Noticed an ice beast
  2475 | D:3      | Killed an ice beast
  2639 | D:3      | Reached XP level 6. HP: 22/45 MP: 12/14
  2834 | D:3      | Noticed Robin
  2838 | D:3      | Killed Robin
  3908 | D:4      | Reached skill level 6 in Earth Magic
  4017 | D:4      | Found a staircase to the Ecumenical Temple.
  4075 | D:4      | Found a glowing golden altar of the Shining One.
  4090 | D:4      | Reached XP level 7. HP: 42/50 MP: 8/16
  4406 | D:4      | Learned a level 5 spell: Lee's Rapid Deconstruction
  4411 | D:4      | Learned a level 4 spell: Petrify
  4614 | D:5      | Entered Level 5 of the Dungeon
  4614 | D:5      | Noticed Prince Ribbit
  4624 | D:5      | Killed Prince Ribbit
  4624 | D:5      | Reached skill level 7 in Earth Magic
  4643 | D:5      | Noticed Dowan
  4644 | D:5      | Noticed Duvessa
  4660 | D:5      | Killed Duvessa
  4664 | D:5      | Killed Dowan
  4734 | D:5      | Found Vena's Assorted Antiques.
  4774 | D:5      | Bought a blackened blue amulet for 130 gold pieces
  4854 | D:5      | Found a shimmering blue altar of Sif Muna.
  4949 | D:5      | Reached skill level 5 in Spellcasting
  5016 | D:5      | Reached skill level 8 in Earth Magic
  5016 | D:5      | Reached XP level 8. HP: 57/57 MP: 15/19
  5056 | D:5      | Found a shimmering altar of Xom.
  5056 | D:5      | Found a burning altar of Makhleb.
  5259 | D:5      | Found a glowing drain.
  5260 | D:5      | Noticed Blork the orc
  5273 | Sewer    | Entered a sewer
  5575 | D:5      | Killed Blork the orc
  6083 | D:6      | Reached skill level 9 in Earth Magic
  6298 | D:7      | Found a shattered altar of Ashenzari.
  6539 | D:7      | Found a hazy altar of Hepliaklqana.
  6628 | D:7      | Reached XP level 9. HP: 58/62 MP: 22/22
  7065 | D:8      | Reached skill level 10 in Earth Magic
  7137 | D:8      | Found a staircase to the Lair.
  7535 | D:8      | Found an iron altar of Okawaru.
  7601 | D:8      | Reached skill level 11 in Earth Magic
  7812 | D:9      | Found a sparkling altar of Nemelex Xobeh.
  7950 | D:9      | Found a staircase to the Orcish Mines.
  7979 | D:9      | Killed an unseen horror
  7979 | D:9      | Reached XP level 10. HP: 50/69 MP: 6/25
  8153 | D:9      | Found a shadowy altar of Dithmenos.
  8156 | D:9      | Noticed a harpy
  8159 | D:9      | Found a transporter.
  8171 | D:9      | Found a transporter.
  8581 | D:10     | Entered Level 10 of the Dungeon
  8650 | D:10     | Reached skill level 12 in Earth Magic
  8867 | D:10     | Noticed a two-headed ogre
  8875 | D:10     | Killed a two-headed ogre
  8965 | D:10     | Found a runed translucent gate.
  8965 | D:10     | Found a runed translucent gate.
  8965 | D:10     | Found a runed translucent gate.
  8965 | D:10     | Noticed Peloso's ghost (journeyman MiFi)
  9298 | D:11     | Identified the Collected Works on the Entourage
  9523 | D:11     | Found Wemo's Food Emporium.
  9530 | D:11     | Noticed a cyclops
  9591 | D:11     | Killed a cyclops
  9612 | D:11     | Reached skill level 13 in Earth Magic
  9726 | D:11     | Noticed Snorg
  9730 | D:11     | Reached XP level 11. HP: 65/74 MP: 28/28
  9748 | D:11     | Killed Snorg
  9899 | D:11     | Noticed a two-headed ogre
  9905 | D:11     | Killed a two-headed ogre
  9926 | D:11     | Found Gin Akh's Assorted Antiques.
 10423 | D:11     | Identified a scroll of acquirement
 10431 | D:11     | Found a shimmering altar of Xom.
 10524 | D:12     | Noticed a sun demon
 10548 | D:12     | Noticed a two-headed ogre
 10559 | D:12     | Killed a two-headed ogre
 10559 | D:12     | Reached skill level 14 in Earth Magic
 10673 | D:12     | Noticed a two-headed ogre
 10673 | D:12     | Noticed a six-headed hydra
 10684 | D:12     | Killed a six-headed hydra
 10685 | D:12     | Killed a two-headed ogre
 10803 | D:12     | Noticed Nessos
 10818 | D:12     | Killed Nessos
 10945 | D:12     | Noticed Gastronok
 10958 | D:12     | Noticed a six-headed hydra
 10960 | D:12     | Killed Gastronok
 10960 | D:12     | Reached skill level 10 in Spellcasting
 10961 | D:12     | Killed a six-headed hydra
 10961 | D:12     | Reached XP level 12. HP: 73/81 MP: 1/30
 11364 | D:12     | Got a warped war axe
 11375 | D:12     | Reached skill level 15 in Earth Magic
 11830 | D:10     | Killed Peloso's ghost
 12100 | D:13     | Found Temuis's Antique Armour Shoppe.
 12101 | D:13     | Found Yheutadee's Food Shoppe.
 12101 | D:13     | Found Momiss's Assorted Antiques.
 12104 | D:13     | Found Celuux's Book Shoppe.
 12349 | D:13     | Noticed a vault guard
 12351 | D:13     | Killed a vault guard
 12365 | D:13     | Noticed a vault guard
 12367 | D:13     | Killed a vault guard
 12385 | D:13     | Noticed a vault guard
 12392 | D:13     | Killed a vault guard
 12392 | D:13     | Reached skill level 16 in Earth Magic
 12394 | D:13     | Noticed a vault guard
 12668 | D:13     | Killed a vault guard
 12851 | D:13     | Bought a glowing metal-bound book for 420 gold pieces
 12851 | D:13     | Bought a scroll of teleportation for 84 gold pieces
 12943 | D:13     | Found a gate to the Vaults.
 13098 | D:13     | Identified the +5 large shield of Vureps {Str+2}
 13098 | D:13     | Noticed Louise
 13101 | D:13     | Noticed Urug
 13101 | D:13     | Noticed Harold
 13102 | D:13     | Cast into level 2 of the Abyss (Louise)
 13342 | Abyss:2  | Noticed a daeva
 13353 | Abyss:2  | Noticed a bone dragon
 13390 | Abyss:2  | Noticed an ironheart preserver
 13453 | Abyss:2  | Reached XP level 13. HP: 64/86 MP: 14/33
 13635 | Abyss:2  | Noticed a starcursed mass
 13774 | Abyss:2  | Reached skill level 17 in Earth Magic
 13774 | Abyss:2  | Reached XP level 14. HP: 57/93 MP: 4/34
 13789 | Abyss:2  | Found a corrupted altar of Lugonu.
 13907 | Abyss:2  | Noticed a hellephant
 13909 | D:13     | Escaped the Abyss
 14103 | D:13     | Cast into level 3 of the Abyss (Louise)
 14128 | Abyss:3  | Learned a level 5 spell: Borgnjor's Vile Clutch
 14172 | D:13     | Escaped the Abyss
 14372 | Orc:1    | Entered Level 1 of the Orcish Mines
 15055 | Orc:2    | Entered Level 2 of the Orcish Mines
 15055 | Orc:2    | Found a staircase to the Elven Halls.
 15063 | Orc:2    | Hit by a large rock thrown by a stone giant

Levels and vault maps discovered:
D:1:      onia_arrival_mini_maze, layout_loops_cross, roderic_roman_lattice
D:2:      layout_basic, nicolae_overflow_crystal_walls, uniq_natasha
D:3:      layout_loops_corners, minmay_misc_feat_alley, uniq_robin
D:4:      layout_loops_ring, nicolae_overflow_hidden_temple,
          minmay_temple_entry_waves, first_ration
D:5:      layout_gridville, grunt_temple_overflow_champion_of_chaos,
          lemuel_round_altar, serial_shops, nicolae_shop_trees,
          cheibrodos_sewer_entry_bend, uniq_duvessa, uniq_prince_ribbit1,
          uniq_blork_the_orc
D:6:      layout_basic, serial_glass, glass_columns_a, glass_columns_a
D:7:      layout_gridville, cheibrodos_ashenzari_chains, basic_altar
D:8:      layout_rooms, lemuel_doored_altar, grunt_lair_entry_orc_guard_hut
D:9:      layout_loops_ring, nemelex_xobeh_ov_fountains_minmay,
          gammafunk_temple_overflow_arena, david_orc_2
D:10:     layout_rooms, ebering_ghost_rock_garden
D:11:     layout_cave_pools, serial_shops, shop, nicolae_shop_trees,
          hangedman_pestilent_swarm, tgw_xom, uniq_snorg
D:12:     layout_roguey, uniq_nessos, uniq_gastronok
D:13:     layout_basic, lightli_vaults_fourway_checkpoint,
          minmay_shop_grid_forest, small_statue_alley_a, glass_columns_c,
          sword_in_stone
Orc:1:    layout_caves
Orc:2:    st_orc_mages, layout_diamond_mine

Skill      XL: |  1  2  3  4  5  6  7  8  9 10 11 12 13 14 |
---------------+-------------------------------------------+-----
Spellcasting   | 2 3 4 5 6 7 8 10 11 12 | 12.1
Earth Magic    | 3 4 5 6 8 9 11 13 14 16 17 | 17.5
Dodging        | |  1.7
Stealth        | |  1.7
Transmutations | |  0.8

Action                   |  1- 3 |  4- 6 |  7- 9 | 10-12 | 13-15 || total
-------------------------+-------+-------+-------+-------+-------++-------
Melee: Unarmed           |     7 |    12 |       |       |       ||    19
       Dagger            |       |    82 |   102 |    86 |       ||   270
       Short sword       |       |       |    40 |       |       ||    40
Throw: Stone             |       |       |       |     2 |       ||     2
 Cast: Sandblast         |    28 |   105 |   151 |   162 |    25 ||   471
       Lee's Rapid Decon |       |       |    23 |   132 |    24 ||   179
       Petrify           |       |       |     4 |    16 |     1 ||    21
       Stone Arrow       |       |       |       |     8 |     5 ||    13
       Borgnjor's Vile C |       |       |       |       |    27 ||    27
Evoke: Wand              |       |       |    10 |     8 |     7 ||    25
  Use: Potion            |     1 |       |     1 |     5 |     8 ||    15
       Scroll            |       |     5 |     5 |    17 |     6 ||    33
 Stab: Sleeping          |       |     6 |     5 |       |       ||    11
       Paralysed         |       |       |    14 |       |       ||    14
       Petrified         |       |       |    15 |     5 |       ||    20
  Eat: Chunk             |     1 |     9 |    18 |    20 |       ||    48
       Ration            |       |       |       |     3 |     2 ||     5
Armor: Robe              |     4 |    26 |     6 |       |       ||    36
       Leather armour    |       |       |    60 |    76 |    23 ||   159
       Skin              |       |       |       |       |     6 ||     6
Dodge: Dodged            |    12 |    96 |   129 |   116 |    37 ||   390

Table legend:
 A = Non-vault XP
 B = Vault XP
 C = Vault XP percentage of total XP
 D = Non-vault monster count
 E = Vault monster count
 F = Vault count percentage of total count
                 A         B        C        D         E       F
            +---------+---------+-------+---------+---------+-------
      Total |   42466 |   14983 |  26.1 |     380 |      88 |  18.8
            +---------+---------+-------+---------+---------+-------
        D:1 |      18 |       1 |   5.3 |       8 |       1 |  11.1
        D:2 |     245 |      37 |  13.1 |      33 |       1 |   2.9
        D:3 |     199 |      37 |  15.7 |      22 |      12 |  35.3
        D:4 |     448 |       0 |   0.0 |      28 |       0 |   0.0
        D:5 |     385 |     647 |  62.7 |      19 |       7 |  26.9
        D:6 |     472 |       0 |   0.0 |       4 |       0 |   0.0
        D:7 |    1200 |       0 |   0.0 |      30 |       0 |   0.0
        D:8 |    1092 |     710 |  39.4 |      20 |       6 |  23.1
        D:9 |    1668 |     998 |  37.4 |      10 |      10 |  50.0
       D:10 |    4291 |    1011 |  19.1 |      42 |       1 |   2.3
       D:11 |    3989 |    2205 |  35.6 |      32 |      11 |  25.6
       D:12 |    7467 |    3622 |  32.7 |      36 |       2 |   5.3
       D:13 |    6409 |    4799 |  42.8 |      25 |      12 |  32.4
      Orc:1 |    2056 |       0 |   0.0 |      37 |       0 |   0.0
      Orc:2 |     131 |       0 |   0.0 |       6 |       0 |   0.0
    Abyss:2 |   12078 |     867 |   6.7 |      27 |       1 |   3.6
    Abyss:3 |     318 |       0 |   0.0 |       1 |       0 |   0.0
      Sewer |       0 |      49 | 100.0 |       0 |      24 | 100.0
            +---------+---------+-------+---------+---------+-------
